 Dungeon Crawl Stone Soup version 0.21.1-1-g345015f (webtiles) character file.

142 gerrrit the Skirmisher (level 5, -4/47 HPs)
             Began as a Hill Orc Fighter on Apr 2, 2018.
             Slain by a crocodile (16 damage)
             ... in a sewer.
             The game lasted 00:12:01 (2556 turns).

gerrrit the Skirmisher (Hill Orc Fighter)           Turns: 2556, Time: 00:12:02

Health: -4/47      AC:  8    Str: 19    XL:     5   Next: 25%
Magic:  5/5        EV:  7    Int:  9    God:
Gold:   94         SH:  9    Dex: 10    Spells: 4/4 levels left

rFire    . . .     SeeInvis .   a - +0 rapier
rCold    . . .     Gourm    .   c - +0 shield
rNeg     . . .     Faith    .   b - +0 scale mail
rPois    .         Spirit   .   (no helmet)
rElec    .         Reflect  .   (no cloak)
rCorr    .         Harm     .   q - +0 pair of gloves
MR       .....                  (no boots)
Stlth    ..........             (no amulet)
HPRegen  0.15/turn              (no ring)
MPRegen  0.09/turn              (no ring)

@: about to teleport, very slow
A: no striking features
a: no special abilities


You were in a sewer.
You were not hungry.

You visited 1 branch of the dungeon, and saw 3 of its levels.
You also visited: Sewer.

You collected 94 gold pieces.

Inventory:

Hand Weapons
 a - a +0 rapier (weapon)
Missiles
 l - 25 arrows
Armour
 b - a +0 scale mail (worn)
 c - a +0 shield (worn)
 q - a +0 pair of gloves (worn)
 r - a +0 robe of resistance
Scrolls
 j - a scroll of blinking {unknown}
 k - a scroll of fog {unknown}
 o - a scroll of identify {unknown}
 p - a scroll of remove curse {unknown}
Potions
 d - a potion of might
 g - a potion of lignification {unknown}
 h - a potion of agility {unknown}
 m - a potion of magic {unknown}
 n - a potion of degeneration {unknown}
 s - 2 potions of flight {unknown}
 t - a potion of mutation {unknown}
Comestibles
 f - a ration


   Skills:
 + Level 4.4 Fighting
 + Level 3.0 Short Blades
 + Level 4.1 Armour
 + Level 1.1 Dodging
 + Level 0.5 Stealth
 + Level 4.0 Shields


You had 4 spell levels left.
You didn't know any spells.

Dungeon Overview and Level Annotations

Branches:
Dungeon (3/15)

Altars:


Message History

The crocodile bites you!
You hit the crocodile but do no damage.
The crocodile is lightly wounded.
The crocodile bites you!
You hit the crocodile but do no damage.
The crocodile is lightly wounded.
The crocodile bites you.
Your unstable footing causes you to fumble your attack.
The crocodile bites you.
You hit the crocodile.
The crocodile is lightly wounded.
You block the crocodile's attack. The crocodile bites you!
* * * LOW HITPOINT WARNING * * *
As you read the scroll labeled QUGUDI BEAKHA, it crumbles to dust.
You feel strangely unstable.
It was a scroll of teleportation.
You block the crocodile's attack.
You enter the shallow water.
Moving in this stuff is going to be slow.
The crocodile bites you!
You die...

≈# #### ≈## ##....
## ≈.# ###..≈≈≈
### ?$# ≈.#
###..≈.≈# .≈##.!
≈.###.≈.≈≈#
...≈###
≈≈.≈.≈≈.≈##
##≈..≈..#
≈.###.....###
###≈...≈# ≈.#
###...≈≈####.t...#
≈.#
###.≈...≈.@..###
≈## ###.≈....###
≈# ######## ≈# ##


You could see a crocodile.

Vanquished Creatures
  An orc wizard (D:3)
  6 adders (D:2)
  A worm (D:2)
  3 leopard geckos
  2 orcs (D:3)
  6 giant cockroaches (D:3)
  3 goblins
  7 hobgoblins
  2 jackals (Sewer)
  10 kobolds
  A quokka (D:2)
  7 bats
  2 frilled lizards (D:2)
  5 rats
56 creatures vanquished.

Notes
Turn   | Place    | Note
-------+----------+-------------------------------------------
     0 | D:1      | gerrrit the Hill Orc Fighter began the quest for the Orb.
     0 | D:1      | Reached XP level 1. HP: 19/19 MP: 1/1
   341 | D:1      | Reached XP level 2. HP: 21/27 MP: 2/2
  1129 | D:2      | Reached XP level 3. HP: 31/33 MP: 3/3
  1364 | D:2      | Reached XP level 4. HP: 40/40 MP: 4/4
  1758 | D:2      | Reached skill level 1 in Dodging
  2226 | D:3      | Reached XP level 5. HP: 37/47 MP: 5/5
  2324 | D:3      | Found a glowing drain.
  2355 | Sewer    | Entered a sewer
  2543 | Sewer    | Noticed a crocodile
  2556 | Sewer    | Slain by a crocodile

Skill      XL: |  1  2  3  4  5 |
---------------+----------------+-----
Fighting       | 4 |  4.4
Armour         | 4 |  4.1
Dodging        | 1 |  1.1
Shields        | 4 |  4.0
Short Blades   | 3 |  3.0
Stealth        | |  0.5

Action                   |  1- 3 |  4- 6 || total
-------------------------+-------+-------++-------
Melee: Rapier            |   105 |   158 ||   263
  Use: Scroll            |       |     2 ||     2
  Eat: Ration            |     1 |     1 ||     2
Armor: Scale mail        |    45 |    95 ||   140
Dodge: Dodged            |    28 |    54 ||    82
Block: Shield            |    51 |    90 ||   141
